 Dungeon Crawl Stone Soup version 0.17.1-3-g152610e (webtiles) character file.

139 dobroeutro the Shield-Bearer (level 5, -6/33 HPs)
             Began as a Gargoyle Fighter on Apr 26, 2016.
             Killed by divine providence
             ... invoked by an orc priest
              (15 damage)
             ... on level 3 of the Dungeon.
             The game lasted 00:02:01 (1621 turns).

dobroeutro the Shield-Bearer (Gargoyle Fighter)     Turns: 1621, Time: 00:02:01

Health: -6/33      AC: 11    Str: 20    XL:     5   Next: 22%
Magic:  5/5        EV:  7    Int:  9    God:
Gold:   82         SH:  9    Dex:  9    Spells: 0 memorised, 4 levels left

rFire  . . .     SeeInvis +     a - +0 flail
rCold  . . .     Clarity  .     b - +0 scale mail
rNeg   + . .     SustAt   .     c - +0 shield
rPois  ∞         Gourm    .     (no helmet)
rElec  +         Spirit   .     (no cloak)
rCorr  .         Warding  .     (no gloves)
rMut   .         Stasis   .     (no boots)
MR     .....                    (no amulet)
Stlth  ..........               (no ring)
                                g - ring of see invisible

@: not resistant to hostile enchantments, extremely unstealthy
A: negative energy resistance 1, electricity resistance, unbreathing,
petrification resistance, rot immunity, AC +4
a: no special abilities


You were on level 3 of the Dungeon.
You were not hungry.

You visited 1 branch of the dungeon, and saw 3 of its levels.

You collected 82 gold pieces.

Inventory:

Hand Weapons
 a - a +0 flail (weapon)
Armour
 b - a +0 scale mail (worn)
 c - a +0 shield (worn)
Jewellery
 g - a ring of see invisible (left hand)
Scrolls
 h - a scroll of amnesia {unknown}
 l - a scroll of noise {unknown}
Potions
 d - a potion of might
 i - a potion of invisibility {unknown}
 j - a potion of flight {unknown}
 k - 4 potions of curing {unknown}
 n - a potion of magic {unknown}
 o - a potion of beneficial mutation {unknown}
Comestibles
 e - 4 bread rations
 f - 3 beef jerkies
 m - 2 chunks of flesh


   Skills:
 + Level 4.1 Fighting
 + Level 3.2 Maces & Flails
 + Level 4.0 Armour
 + Level 4.4 Shields


You had 4 spell levels left.
You didn't know any spells.

Dungeon Overview and Level Annotations

Branches:
Dungeon (3/15)

Altars:
Ashenzari
Cheibriados
Kikubaaqudgha

Annotations:
D:3 Sigmund


Innate Abilities, Weirdness & Mutations

You are resistant to torment.
Your stone body is resilient (AC +4).
You are immune to poison.
You resist negative energy.
You are resistant to electric shocks.
You can survive without breathing.
You are immune to petrification.
You are immune to rotting.


Message History

Found a snail-covered altar of Cheibriados.
Sigmund the Dreaded comes into view.
He is wielding a scythe of freezing.
Sigmund shouts!
The orc priest hits you but does no damage.
You hit the orc priest.
The orc priest is moderately wounded.
The orc priest hits you but does no damage.
The orc priest mumbles some strange prayers to Beogh against you.
Something smites you! You block the orc's attack.
Sigmund gestures wildly while chanting.
Sigmund flickers and vanishes for a moment.
You block the orc priest's attack.
The orc priest invokes the aid of Beogh against you.
Something smites you!
* * * LOW HITPOINT WARNING * * *
The orc hits you but does no damage.
The orc priest casts a cantrip, but nothing happens.
The orc priest calls down the wrath of Beogh upon you.
Something smites you!
You die...

#.# #.## #..##
###.#.## #######
#......#
...).@o###..>..#.###
#....ooo..@....##..#
#.._.#####.....#...#
##. #......#..#
###.#.##..#
##.###†.# #.# #..#
#.###†.#####
#..........# ###
#.###..###.#


You could see Sigmund (invisible), 2 orc priests and 2 orcs.

Vanquished Creatures
  Jessica (D:2)
  Terence (D:3)
  5 adders (D:2)
  A worm (D:2)
  2 giant geckos
  2 ball pythons (D:1)
  2 giant cockroaches
  6 goblins
  4 hobgoblins
  6 bats
  2 giant newts (D:1)
  8 kobolds
  8 rats
48 creatures vanquished.

Notes
Turn   | Place    | Note
--------------------------------------------------------------
     0 | D:1      | dobroeutro the Gargoyle Fighter began the quest for the Orb.
     0 | D:1      | Reached XP level 1. HP: 14/14 MP: 1/1
   186 | D:1      | Reached XP level 2. HP: 17/19 MP: 2/2
   903 | D:2      | Reached XP level 3. HP: 20/23 MP: 3/3
   908 | D:2      | Noticed Jessica
   913 | D:2      | Killed Jessica
   913 | D:2      | Reached skill level 4 in Shields
   953 | D:2      | Reached XP level 4. HP: 29/29 MP: 4/4
  1089 | D:2      | Found a shattered altar of Ashenzari.
  1094 | D:2      | Found an ancient bone altar of Kikubaaqudgha.
  1473 | D:3      | Noticed Terence
  1484 | D:3      | Killed Terence
  1484 | D:3      | Reached XP level 5. HP: 33/33 MP: 5/5
  1615 | D:3      | Found a snail-covered altar of Cheibriados.
  1617 | D:3      | Noticed Sigmund
  1621 | D:3      | Killed from afar by an orc priest

Action                   |  1- 3 |  4- 6 || total
-------------------------+-------+-------++-------
Melee: Flail             |    82 |   102 ||   184
  Eat: Chunk             |       |     3 ||     3
